 Dungeon Crawl Stone Soup version 0.23-b1-49-g13d5857 (webtiles) character file.

Game seed: 16693351974784410507

48 Kairos the Shield-Bearer (level 3, 19/19 HPs)
             Began as a Vine Stalker Fighter on Feb 3, 2019.
             Quit the game on level 2 of the Dungeon.
             The game lasted 00:01:52 (1094 turns).

Kairos the Shield-Bearer (Vine Stalker Fighter)     Turns: 1094, Time: 00:01:53

Health: 19/19      AC:  6    Str: 19    XL:     3   Next: 72%
Magic:  4/4        EV:  7    Int:  6    God:
Gold:   113        SH:  9    Dex: 13    Spells: 2/2 levels left

rFire    . . .     SeeInvis .   k - +2 flail (crush)
rCold    . . .     Gourm    .   c - +0 shield
rNeg     . . .     Faith    .   b - +0 scale mail
rPois    .         Spirit   +   (no helmet)
rElec    .         Reflect  .   (no cloak)
rCorr    .         Harm     .   (no gloves)
MR       .....                  (no boots)
Stlth    ..........             (no amulet)
HPRegen  0.06/turn              o - -2 ring of intelligence (curse)
MPRegen  0.09/turn              (no ring)

@: no status effects
A: fangs 2, magic shield, antimagic bite, no potion heal 3, rot immunity
a: no special abilities


You were on level 2 of the Dungeon.
You were hungry.

You visited 1 branch of the dungeon, and saw 2 of its levels.

You collected 113 gold pieces.

Inventory:

Hand Weapons
 a - a +0 war axe
 k - a +2 flail of crushing (weapon)
Armour
 b - a +0 scale mail (worn)
 c - a +0 shield (worn)
Jewellery
 o - a cursed -2 ring of intelligence (left hand)
Scrolls
 i - a scroll of noise
 m - 3 scrolls of teleportation
 n - 2 scrolls of remove curse {unknown}
Potions
 d - 2 potions of might
 e - a potion of mutation {unknown}
 g - 2 potions of flight
 h - a potion of lignification
 j - a potion of heal wounds
 l - 3 potions of curing {unknown}
Comestibles
 f - 6 rations


   Skills:
 + Level 2.9 Fighting
 + Level 2.3 Axes
 + Level 0.1(1.3) Maces & Flails
 + Level 3.0 Armour
 + Level 3.0 Shields


You had 2 spell levels left.
You didn't know any spells.
Your spell library was empty.

Dungeon Overview and Level Annotations

Branches:
Dungeon (2/15)

Altars:
Trog
Wu Jian


Innate Abilities, Weirdness & Mutations

You have extremely sharp teeth.
When hurt, damage is shared between your health and your magic reserves.
Your bite disrupts and absorbs the magic of your enemies.
Potions cannot restore your health.
You are immune to rotting.


Message History

You kill the kobold!
No target in view!
No target in view!
You see here a +0 short sword.
There is a stone staircase leading up here.
There is a stone staircase leading up here.
You see here a +0 short sword.
You see here 17 poisoned needles.
Found a naga barding.
You now have 113 gold pieces (gained 11).
Found an ornate altar of the Wu Jian Council.
n - 2 scrolls labeled WATHRE SOEDI (gained 1)
You are feeling hungry.
f - 6 rations (gained 1)
m - 3 scrolls of teleportation (gained 1)
o - a bronze ring You feel stupid.
Oops, that ring feels deathly cold.
o - a cursed -2 ring of intelligence (left hand) Are you sure you want to abandon this character and quit the game? (Confirm with "yes".)

#.............#
##.##
#.###########.# #.#
#.###########.####.#
#..................#
#.###########.######
#.# #.# #.# #.#
#.###########.#
#.........@...#
###############


There were no monsters in sight!

Vanquished Creatures
  A gnoll (D:1)
  An adder (D:2)
  A dart slug (D:1)
  2 leopard geckos (D:1)
  2 bats
  3 goblins
  A hobgoblin (D:2)
  3 jackals (D:1)
  A frilled lizard (D:2)
  6 kobolds
  6 rats
27 creatures vanquished.

Notes
Turn   | Place    | Note
-------+----------+-------------------------------------------
     0 | D:1      | Kairos the Vine Stalker Fighter began the quest for the
                  | Orb.
     0 | D:1      | Reached XP level 1. HP: 11/11 MP: 2/2
   127 | D:1      | Reached XP level 2. HP: 14/16 MP: 3/3
   296 | D:1      | Reached XP level 3. HP: 11/19 MP: 2/4
   796 | D:2      | Found a bloodstained altar of Trog.
  1009 | D:2      | Found an ornate altar of the Wu Jian Council.
  1094 | D:2      | Quit the game

Skill      XL: |  1  2  3 |
---------------+----------+-----
Axes           | 2 |  2.3
Shields        | 3 |  3.0
Armour         | 3 |  3.0
Fighting       | |  2.9
Maces & Flails | |  0.1

Action                   || total
-------------------------++-------
Melee: War axe           ||    49
       Bite              ||     9
       Flail             ||    17
  Use: Scroll            ||     5
Armor: Scale mail        ||    26
Dodge: Dodged            ||    19
Block: Shield            ||    43
